Map: Dead of Night

Players

NamroodTuo

  • Race: Zerg Zerg

overdose

  • Race: Zerg Zerg

VOD

Have the link to the VOD?

Description

Time

  • Played on: April 22, 2023, 2:05 p.m.
  • Length: 32:11
Show
View Real Time Build Order
Export as new Build Order

NamroodTuo Zerg 

Build Orders:  

Get SALT Encoding   

  6  0:00  Unknown x2  
  12  0:18  Infested Barracks  
  12  0:33  Overlord  
  12  0:40  Infested SCV  
  13  0:55  Infested SCV  
  13  0:57  Infested SCV  
  15  1:00  Infested SCV  
  16  1:14  Infested SCV  
  17  1:28  Infestation Level 1  
  17  1:33  Infested SCV  
  18  1:43  Overlord  
  18  1:47  Infested SCV  
  19  1:53  Infested SCV  
  20  2:07  Infested Refinery  
  20  2:09  Infested SCV  
  25  2:40  Infested Bunker  
  25  2:48  Infested SCV  
  26  3:07  Infested SCV  
  27  3:10  Overlord  
  27  3:21  Overlord  
  27  3:29  Infested SCV  
  28  3:41  Infested Barracks Tech Lab  
  28  3:56  Infested Bunker  
  32  4:18  Infested Bunker  
  36  4:23  Infested Marine x5  
  41  4:50  Anaerobic Enhancement  
  41  5:00  Infested Engineering Bay, Infested SCV  
  41  5:03  Overlord  
  41  5:05  Infested SCV  
  43  5:16  Infested Refinery  
  43  5:40  Infested Factory  
  41  5:53  Unknown  
  41  6:00  Retinal Augmentation  
  41  6:11  Infested Refinery  
  41  6:12  Infested SCV x2  
  41  6:14  Infested SCV  
  41  6:26  Infestation Level 2  
  41  7:03  Infested SCV x2  
  41  7:04  Infested SCV  
  44  7:24  Infested Factory, Infested Factory Tech Lab  
  44  7:25  Regenerative Plating  
  44  7:43  Infested SCV  
  44  7:44  Infested SCV x2  
  44  7:45  Infested SCV  
  52  8:02  Infested Bunker  
  52  8:03  Plagued Munitions  
  52  8:16  Infested SCV  
  52  8:17  Infested SCV  
  54  8:23  Infested Armory  
  54  8:26  Broodling Gestation  
  54  8:30  Infested Marine  
  54  8:35  Overlord  
  54  8:39  Overlord  
  55  8:44  Stukov Infantry Weapons Level 1  
  55  9:06  Infested Bunker  
  59  9:35  Infested Marine  
  59  9:36  Infested Marine x11  
  71  9:56  Infestation Level 3  
  70  10:51  Infested Missile Turret  
  70  10:55  Overlord x2  
  70  10:56  Aggressive Incubation  
  70  10:57  Overlord  
  70  10:58  Infested SCV  
  71  11:20  Infested Missile Turret  
  71  11:23  Stukov Infantry Armor Level 1  
  63  11:40  Infested Bunker  
  63  11:56  Infested Siege Tank  
  63  11:57  Infested Siege Tank  
  63  11:59  Infested Bunker  
  73  12:07  Overseer x2  
  73  12:08  Overseer x2  
  73  12:10  Overseer  
  73  13:29  Infested Missile Turret  
  73  13:33  Infested Siege Tank x2  
  73  13:34  Infested Siege Tank x2  
  73  13:37  Automated Mitosis  
  85  14:03  Calcified Armor  
  84  14:37  Acidic Enzymes  
  84  15:03  Stukov Infantry Weapons Level 2  
  84  15:21  Stukov Vehicle and Ship Weapons Level 1  
  84  15:27  Infested Siege Tank x3  
  93  15:33  Overlord x4  
  93  15:34  Overlord  
  93  16:05  Infested Bunker  
  101  16:36  Caustic Mucus  
  101  16:57  Infested Bunker  
  101  17:43  Infested Siege Tank x3  
  101  17:44  Infested Siege Tank  
  113  17:57  Infested Bunker  
  117  18:01  Stukov Vehicle and Ship Armor Level 1  
  117  18:06  Saturated Cultures  
  117  18:13  Stukov Infantry Armor Level 2  
  121  19:11  Infested Bunker  
  125  19:36  Infested SCV  
  125  19:37  Infested SCV x2  
  128  19:40  Overlord x2  
  128  19:51  Infested Missile Turret  
  128  19:58  Infested Bunker  
  125  20:10  Infested Missile Turret  
  121  20:23  Infested Missile Turret  
  121  20:39  Infested Missile Turret  
  118  20:41  Stukov Vehicle and Ship Weapons Level 2  
  118  21:04  Infested Siege Tank  
  118  21:05  Infested Siege Tank, Infested Diamondback  
  118  21:06  Infested Diamondback  
  130  21:10  Infested Siege Tank  
  133  21:23  Stukov Infantry Weapons Level 3  
  130  22:16  Infested Siege Tank, Infested Diamondback  
  130  22:17  Infested Siege Tank  
  139  22:50  Infested Missile Turret  
  139  23:18  Infested Missile Turret  
  139  23:35  Overlord x3  
  139  23:36  Overlord x2  
  139  23:46  Infested Missile Turret  
  136  23:51  Stukov Vehicle and Ship Armor Level 2  
  136  24:34  Overlord x3  
  136  24:37  Infested Siege Tank, Infested Diamondback  
  136  24:38  Infested Siege Tank  
  145  24:49  Infested Marine  
  146  24:50  Infested Marine x6  
  146  24:51  Infested Marine x12  
  164  25:03  Stukov Infantry Armor Level 3  
  161  25:20  Infested Siege Tank, Infested Diamondback  
  148  27:01  Stukov Vehicle and Ship Weapons Level 3  
  148  27:23  Infested Marine x7  
  148  27:24  Infested Marine x13  
  168  27:35  Infested Bunker  
  178  28:01  Infested Missile Turret  
  166  28:25  Infested Bunker  
  163  28:31  Infested Missile Turret  
  160  29:12  Infested Bunker  
  160  29:28  Infested Siege Tank, Infested Diamondback  
  160  29:29  Infested Siege Tank, Infested Diamondback  
  172  29:30  Infested Siege Tank  
  172  29:34  Overlord  
  172  29:35  Overlord x3  
  175  30:10  Infested Marine  
  175  30:11  Infested Marine x16  
  175  30:12  Infested Marine x3  
  195  30:50  Infested Marine x4  
  195  30:51  Infested Marine x4  
  186  31:24  Infested Marine  
  186  31:25  Infested Marine x6  
Show
View Real Time Build Order
Export as new Build Order

overdose Zerg 

Build Orders:  

Get SALT Encoding   

  12  0:33  Drone  
  12  0:34  Drone  
  12  0:35  Overlord  
  14  0:45  Extractor  
  14  0:46  Drone  
  14  0:50  Overlord  
  14  1:12  Drone  
  14  1:13  Drone x4  
  19  1:30  Drone  
  19  1:31  Drone  
  21  1:45  Spawning Tool  
  20  1:51  Drone x2  
  22  2:24  Drone x2  
  22  2:25  Drone x2  
  26  2:34  Extractor  
  26  2:35  Extractor  
  24  2:50  Drone  
  24  2:51  Drone x2  
  27  3:01  Spine Crawler  
  27  3:03  Drone  
  27  3:19  Drone x2  
  29  3:26  Drone  
  30  3:56  Overlord  
  30  3:57  Overlord x2  
  30  4:26  Drone  
  30  4:27  Drone x2  
  33  4:40  Hydralisk Den  
  33  4:44  Drone x2  
  33  4:45  Infestation Pit  
  33  5:20  Drone  
  33  5:21  Drone x3  
  37  5:31  Drone x2  
  39  5:45  Drone  
  40  5:58  Evolution Chamber  
  39  6:02  Baneling Nest  
  39  6:03  Drone x2  
  40  6:21  Drone x2  
  42  6:36  Drone x2  
  44  6:44  Metabolic Boost  
  44  6:48  Muscular Augments  
  44  7:07  Drone  
  44  7:08  Drone x2  
  44  7:09  Ultralisk Cavern  
  46  7:12  Evolution Chamber  
  45  7:34  Zerg Ground Armor Level 1  
  45  7:38  Pneumatized Carapace  
  45  7:42  Overseer  
  45  7:43  Hardened Ergonergy Shield, Overseer  
  45  7:48  Hydralisk, Erudition Missile Launchers  
  45  7:49  Hydralisk x3  
  53  8:37  Zerg Missile Weapons Level 1  
  53  8:40  Electrostatic Surprise  
  53  8:41  Anti-Centripetal Rocket Servos  
  53  8:50  Overlord  
  53  8:51  Overlord x5  
  53  10:02  Hydralisk x6  
  65  10:14  Zerg Melee Weapons Level 1  
  65  10:51  Overseer x4  
  65  10:57  Hydralisk, Ultralisk  
  65  10:58  Hydralisk x2  
  65  10:59  Zergling x2  
  78  11:34  Zergling x2  
  78  11:35  Zergling x8  
  83  11:47  Zerg Missile Weapons Level 2  
  83  12:14  Hydralisk x2  
  83  12:17  Overlord x2  
  87  12:40  Hydralisk  
  87  12:41  Hydralisk x2  
  93  12:54  Zerg Ground Armor Level 2  
  93  13:04  Hydralisk  
  93  13:05  Hydralisk x2  
  99  13:36  Hydralisk  
  99  13:39  Overlord x2  
  98  14:17  Hydralisk x4  
  98  14:18  Hydralisk  
  105  14:52  Hydralisk  
  105  14:53  Hydralisk x3  
  105  14:57  Zerg Melee Weapons Level 2  
  113  15:41  Hydralisk  
  113  15:42  Hydralisk x4  
  123  16:19  Zergling x2  
  123  16:20  Zergling x4, Ultralisk  
  79  17:49  Zerg Missile Weapons Level 3  
  79  17:54  Hydralisk x3, Zergling x4  
  79  17:55  Zergling x2  
  88  18:07  Zerg Ground Armor Level 3  
  87  18:29  Drone x3  
  90  18:39  Hatchery  
  89  18:51  Hatchery  
  89  18:55  Hatchery  
  87  19:09  Ultralisk  
  93  19:10  Hydralisk x4  
  101  19:51  Hydralisk  
  103  20:26  Hydralisk, Ultralisk  
  103  20:27  Hydralisk x4  
  103  20:28  Zergling x2  
  103  20:29  Zergling x6  
  120  20:30  Zergling x4  
  120  20:34  Overlord  
  120  20:35  Overlord x5  
  124  21:23  Hydralisk, Ultralisk  
  124  21:24  Hydralisk, Zergling x2  
  124  21:25  Zergling x6  
  124  21:26  Zergling x22  
  85  25:58  Hydralisk x2, Ultralisk  
  85  25:59  Hydralisk x15  
  125  26:20  Zerg Melee Weapons Level 3  
  125  26:24  Overlord  
  125  26:25  Overlord x5  
  125  27:00  Ultralisk x2  
  125  27:01  Hydralisk x4  
  125  27:02  Hydralisk, Zergling x2  
  125  27:03  Hydralisk, Zergling x8  
  125  27:04  Zergling x6  
  125  27:07  Zergling x8  
  164  27:10  Hydralisk  
  164  27:12  Zergling x2  
  164  27:45  Hydralisk x2  
  164  27:46  Hydralisk x3  
  164  27:48  Zergling x2  
  164  27:49  Zergling x10  
  173  28:36  Hydralisk  
  173  28:37  Hydralisk x5, Zergling x2  
  173  28:38  Zergling x8  
  173  28:39  Zergling x14  
  194  29:13  Spore Crawler  
  194  29:14  Drone  
  194  29:15  Drone x5, Spore Crawler  
  194  29:18  Spine Crawler  
  197  29:21  Hydralisk  
  199  29:46  Overlord x4  
  199  29:47  Overlord x2  
  188  30:57  Overlord  
  188  30:58  Overlord x5  
Tags
 
Matchup
Co-op
Replay Pack
Multiplayer
Add a new tag
Caveats
  • Supply blocks, unpowered buildings, or Contaminate may cause inaccurate times.
  • Supply counts are checked every 10 seconds.